Flyers vs Bruins

Created - November-05-14 at 18:00

Goals
1 2 3 OT1 SO T
Flyers 0 1 1 0 1 2
Bruins 2 0 0 0 2 3
Shots
1 2 3 OT1 SO T
Flyers 7 15 6 0 3 28
Bruins 11 8 13 4 3 36

1st period

1. Bruins , Ryan Strome 3 (Carl Soderberg, Torey Krug) at 8:56
2. Bruins , Brad Marchand 2 (Jay Bouwmeester, Carl Soderberg) at 13:24

Penalties :
Carl Soderberg (BOS) for High sticking (Minor) at 10:23, Jay McClement (PHI) for Roughing (Minor) at 16:15

2nd period

3. Flyers , Nathan Gerbe 4 (Marek Zidlicky, Tom Gilbert) at 16:33

Penalties :
Dan Boyle (PHI) for Roughing (Minor) at 2:35, Andrew Ladd (BOS) for Cross-checking (Minor) at 9:19, Jay McClement (PHI) for Charging (Minor) at 13:35

3rd period

4. Flyers , Kyle Brodziak 3 (Philip Larsen, Gabriel Bourque) at 6:31

Penalties :
Olli Jokinen (PHI) for Hooking (Minor) at 1:15, Zach Parise (BOS) for Slashing (Minor) at 7:59, Joel Ward (PHI) for Hooking (Minor) at 7:59

Overtime #1

No Goal

Penalties :
No Penalty

Shootout

Penalty Shot by Kyle Okposo for Flyers - Stopped by Tuukka Rask
Penalty Shot by Andrew Ladd for Bruins - Stopped by Frederik Andersen
Penalty Shot by Mike Santorelli for Flyers - Goal!
Penalty Shot by Zach Parise for Bruins - Goal!
Penalty Shot by Nathan Gerbe for Flyers - Stopped by Tuukka Rask
Penalty Shot by Patrice Bergeron for Bruins - Goal!

Penalties :
No Penalty

Goalie Stats

Frederik Andersen (PHI), 34 saves from 36 shots - (0.944), OTL, 3-4-1, 65:00 minutes
Tuukka Rask (BOS), 26 saves from 28 shots - (0.929), W, 4-3-1, 65:00 minutes

Players Stats for Flyers

Player Name              G  A  P  +/- PIM S  H  SB GA TA FO     MP     PP MP  PK MP  
------------------------------------------------------------------------------------
Damien Brunner           0  0  0   1  0   1  0  0  0  0  6/10   10:25   0:00   2:58 
Dan Boyle                0  0  0   0  2   1  1  3  0  0  0/0    24:02   1:58   2:47 
Daniel Sedin             0  0  0   0  0   1  0  1  0  0  1/2    19:20   1:44   0:00 
Dany Heatley             0  0  0   0  0   1  0  0  0  0  0/0    10:26   2:00   0:00 
Gabriel Bourque          0  1  1   0  0   0  0  0  0  0  0/0    10:10   0:00   1:10 
Jack Skille              0  0  0   1  0   1  1  0  0  0  0/0     7:11   0:00   0:00 
Jay McClement            0  0  0  -1  4   0  2  0  0  0  16/29  17:00   2:00   2:08 
Joel Ward                0  0  0  -1  2   3  1  0  0  0  0/1    20:01   1:58   5:10 
Kyle Brodziak            1  0  1   0  0   3  2  0  0  0  10/16  12:38   0:16   0:00 
Kyle Okposo              0  0  0   0  0   3  0  0  0  0  2/6    26:49   1:58   3:21 
Marek Zidlicky           0  1  1   0  0   2  0  2  0  0  0/0    24:04   1:44   3:44 
Mark Stuart              0  0  0   0  0   2  0  0  0  0  0/0    16:51   0:16   1:23 
Mike Santorelli          0  0  0  -1  0   1  0  0  0  0  1/3    15:41   0:00   0:00 
Nathan Gerbe             1  0  1   1  0   1  0  0  0  0  1/1     7:11   0:00   0:00 
Olli Jokinen             0  0  0   0  2   2  5  2  0  0  6/20   23:09   1:58   1:05 
Philip Larsen            0  1  1   0  0   2  0  2  0  0  0/0    15:26   0:00   0:14 
Ryan Ellis               0  0  0   0  0   2  2  1  0  0  0/0    24:48   1:44   3:46 
Tom Gilbert              0  1  1   0  0   2  1  5  0  0  0/0    24:48   2:14   3:58 

Players Stats for Bruins

Player Name              G  A  P  +/- PIM S  H  SB GA TA FO     MP     PP MP  PK MP  
------------------------------------------------------------------------------------
Andrew Ladd              0  0  0   0  2   5  2  0  0  0  0/1    18:32   3:10   0:29 
Brad Marchand            1  0  1   1  0   5  1  0  0  0  0/1    13:39   0:00   0:00 
Brock Nelson             0  0  0  -1  0   0  0  0  0  0  0/0     4:55   0:00   0:58 
Carl Hagelin             0  0  0  -1  0   0  2  0  0  0  0/1     6:24   0:00   3:00 
Carl Soderberg           0  2  2   1  2   4  0  0  0  0  5/16   14:34   3:10   0:29 
David Krejci             0  0  0   0  0   1  2  1  0  0  13/28  23:09   4:46   0:00 
Jakub Voracek            0  0  0   0  0   2  0  1  0  0  2/2    24:48   4:46   0:00 
Jay Bouwmeester          0  1  1  -1  0   2  0  1  0  0  0/0    21:39   3:39   2:12 
John Carlson             0  0  0   0  0   1  0  1  0  0  0/0    23:48   4:17   2:12 
Johnny Boychuk           0  0  0   0  0   0  3  0  0  0  0/0    25:23   3:39   1:46 
Matt Bartkowski          0  0  0  -1  0   0  2  0  0  0  0/0    17:07   0:00   1:46 
Niklas Kronwall          0  0  0   1  0   2  3  0  0  0  0/0    19:59   0:00   0:00 
Patrice Bergeron         0  0  0   0  0   6  1  0  0  0  20/26  19:40   0:00   3:00 
Reilly Smith             0  0  0   0  0   2  0  0  0  0  0/1    14:54   0:00   0:00 
Ryan Spooner             0  0  0  -1  0   2  0  0  0  0  4/8     6:34   3:10   0:00 
Ryan Strome              1  0  1   1  0   3  1  0  0  0  1/1    10:56   0:00   0:00 
Torey Krug               0  1  1   1  0   0  0  0  0  0  0/0    22:04   4:17   0:00 
Zach Parise              0  0  0   0  2   1  3  0  0  0  0/3    25:55   4:46   0:00 

3 Stars

1 - Brad Marchand (BOS)
2 - Ryan Strome (BOS)
3 - Frederik Andersen (PHI)

Power Play

Flyers - 0 on 2 Attempt(s) - 0.00%
Bruins - 0 on 4 Attempt(s) - 0.00%

Penalty Kill

Flyers - 4 on 4 Attempt(s) - 100.00% - Score 0 goal in Penalty Kill
Bruins - 2 on 2 Attempt(s) - 100.00% - Score 0 goal in Penalty Kill

Official

Referees : Ghislain Hebert and Ian Walsh
Linesman : Bryan Pancich and Vaughan Rody

Game Notes

No Game Note

Finance

Level 1 -- Attendance: 5533 (85.12%) -- Ticket Income $608,630
Level 2 -- Attendance: 4525 (90.50%) -- Ticket Income $339,375
Level 3 -- Attendance: 3237 (92.49%) -- Ticket Income $181,272
Level 4 -- Attendance: 1565 (100.00%) -- Ticket Income $62,600
Luxury Box -- Attendance: 962 (96.20%) -- Ticket Income $191,438
Game was played at the TD Garden
Total Attendance: 15822 (90.08%)
Total Ticket Income: $1,383,315
Other Income: $207,497
Total Income: $1,590,812

% Time on Ice - Flyers

Lines # - Real PCT - Wanted PCT - Time Play
Normal Forward
1 - 38% - 40% - 17:36
2 - 28% - 30% - 12:54
3 - 18% - 20% - 8:26
4 - 16% - 10% - 7:11
Normal Defense
1 - 35% - 40% - 15:58
2 - 33% - 35% - 15:00
3 - 33% - 20% - 15:09
4 - 0% - 5% - 0:00
PP Forward
1 - 50% - 60% - 1:58
2 - 50% - 40% - 2:00
PP Defense
1 - 44% - 50% - 1:44
2 - 56% - 50% - 2:14
PK Forward
1 - 80% - 60% - 6:20
2 - 20% - 40% - 1:36
PK Defense
1 - 47% - 60% - 3:44
2 - 53% - 40% - 4:12
PK3 Forward
1 - 0% - 60%
2 - 0% - 40%
PK3 Defense
1 - 0% - 60%
2 - 0% - 40%
44 Forward
1 - 64% - 60% - 4:28
2 - 36% - 40% - 2:31
44 Defense
1 - 52% - 60% - 3:39
2 - 48% - 40% - 3:20
Last Minute Offensive  - 0:00
Last Minute Defensive  - 0:00
Total
Forward - 65:00
Defense - 65:00

% Time on Ice - Bruins

Lines # - Real PCT - Wanted PCT - Time Play
Normal Forward
1 - 40% - 40% - 18:23
2 - 32% - 30% - 14:54
3 - 20% - 20% - 9:26
4 - 7% - 10% - 3:24
Normal Defense
1 - 39% - 40% - 17:47
2 - 30% - 30% - 14:03
3 - 26% - 20% - 12:05
4 - 5% - 10% - 2:12
PP Forward
1 - 60% - 60% - 4:46
2 - 40% - 40% - 3:10
PP Defense
1 - 54% - 60% - 4:17
2 - 46% - 40% - 3:39
PK Forward
1 - 76% - 60% - 3:00
2 - 24% - 40% - 0:58
PK Defense
1 - 55% - 60% - 2:12
2 - 45% - 40% - 1:46
PK3 Forward
1 - 0% - 60%
2 - 0% - 40%
PK3 Defense
1 - 0% - 60%
2 - 0% - 40%
44 Forward
1 - 79% - 60% - 5:29
2 - 21% - 40% - 1:30
44 Defense
1 - 53% - 60% - 3:43
2 - 47% - 40% - 3:16
Last Minute Offensive  - 0:00
Last Minute Defensive  - 0:00
Total
Forward - 65:00
Defense - 65:00

Play by Play

1st period


0:01 of 1st period - David Krejci wins face-off versus Olli Jokinen in neutral zone.
0:11 of 1st period - Torey Krug is hit by Olli Jokinen and loses puck.
0:24 of 1st period - Shot by Dan Boyle.
0:24 of 1st period - Shot Misses the Net.
0:28 of 1st period - Shot by Kyle Okposo.
0:28 of 1st period - Stopped by Tuukka Rask without a rebound.
0:29 of 1st period - Patrice Bergeron wins face-off versus Jay McClement in Bruins zone.
0:59 of 1st period - Shot by Andrew Ladd.
0:59 of 1st period - Stopped by Frederik Andersen with a rebound.
1:02 of 1st period - Icing by Jay McClement.
1:03 of 1st period - Jay McClement wins face-off versus Carl Soderberg in Flyers zone.
1:09 of 1st period - Icing by Jay Bouwmeester.
1:10 of 1st period - Carl Soderberg wins face-off versus Kyle Brodziak in Bruins zone.
3:40 of 1st period - Shot by Patrice Bergeron.
3:40 of 1st period - Stopped by Frederik Andersen without a rebound.
3:41 of 1st period - Ryan Spooner wins face-off versus Jay McClement in Flyers zone.
3:49 of 1st period - Icing by Mike Santorelli.
3:50 of 1st period - Jay McClement wins face-off versus Carl Hagelin in Flyers zone.
4:01 of 1st period - Shot by Mike Santorelli.
4:01 of 1st period - Deflect By Joel Ward.
4:01 of 1st period - Shot Misses the Net.
4:03 of 1st period - Shot by Mike Santorelli.
4:03 of 1st period - Stopped by Tuukka Rask with a rebound.
4:05 of 1st period - Shot by Tom Gilbert.
4:05 of 1st period - Shot Misses the Net.
4:13 of 1st period - Shot by Mike Santorelli.
4:13 of 1st period - Shot Misses the Net.
5:25 of 1st period - Icing by Torey Krug.
5:26 of 1st period - Olli Jokinen wins face-off versus David Krejci in Bruins zone.
5:43 of 1st period - Shot by David Krejci.
5:43 of 1st period - Shot Blocked by Dan Boyle.
5:45 of 1st period - Shot by Niklas Kronwall.
5:45 of 1st period - Shot Blocked by Ryan Ellis.
5:52 of 1st period - David Krejci is hit by Ryan Ellis and loses puck.
6:09 of 1st period - Shot by Olli Jokinen.
6:09 of 1st period - Stopped by Tuukka Rask without a rebound.
6:10 of 1st period - Jay McClement wins face-off versus Carl Soderberg in Bruins zone.
6:43 of 1st period - Shot by Brad Marchand.
6:43 of 1st period - Stopped by Frederik Andersen without a rebound.
6:44 of 1st period - Kyle Brodziak wins face-off versus Reilly Smith in Flyers zone.
7:58 of 1st period - Johnny Boychuk is hit by Olli Jokinen and loses puck.
8:22 of 1st period - Shot by Niklas Kronwall.
8:22 of 1st period - Stopped by Frederik Andersen without a rebound.
8:23 of 1st period - Jay McClement wins face-off versus Brad Marchand in Flyers zone.
8:56 of 1st period - Shot by Ryan Strome.
8:56 of 1st period - Goal by Ryan Strome - Flyers : 0 - Bruins : 1.
8:57 of 1st period - Damien Brunner wins face-off versus David Krejci in neutral zone.
9:06 of 1st period - Icing by Johnny Boychuk.
9:07 of 1st period - David Krejci wins face-off versus Olli Jokinen in Bruins zone.
9:16 of 1st period - Shot by David Krejci.
9:16 of 1st period - Shot Blocked by Dan Boyle.
9:18 of 1st period - Shot by Johnny Boychuk.
9:18 of 1st period - Shot Misses the Net.
10:21 of 1st period - Shot by Patrice Bergeron.
10:21 of 1st period - Stopped by Frederik Andersen without a rebound.
10:22 of 1st period - Mike Santorelli wins face-off versus Carl Soderberg in Flyers zone.
10:22 of 1st period - Mike Santorelli is hit by Ryan Strome.
10:23 of 1st period - Minor Penalty to Carl Soderberg for High sticking.
10:24 of 1st period - Patrice Bergeron wins face-off versus Jay McClement in Bruins zone.
10:37 of 1st period - Shot by Jay McClement.
10:37 of 1st period - Shot Misses the Net.
10:39 of 1st period - Shot by Mark Stuart.
10:39 of 1st period - Stopped by Tuukka Rask without a rebound.
10:40 of 1st period - Jay McClement wins face-off versus Patrice Bergeron in Bruins zone.
10:51 of 1st period - Shot by Daniel Sedin.
10:51 of 1st period - Stopped by Tuukka Rask without a rebound.
10:52 of 1st period - Patrice Bergeron wins face-off versus Olli Jokinen in Bruins zone.
11:20 of 1st period - Shot by Dan Boyle.
11:20 of 1st period - Shot Misses the Net.
12:35 of 1st period - Nathan Gerbe is hit by Brad Marchand and loses puck.
12:52 of 1st period - Shot by Ryan Strome.
12:52 of 1st period - Stopped by Frederik Andersen without a rebound.
12:53 of 1st period - David Krejci wins face-off versus Jay McClement in Flyers zone.
13:02 of 1st period - Shot by Jakub Voracek.
13:02 of 1st period - Shot Blocked by Tom Gilbert.
13:12 of 1st period - Shot by Jakub Voracek.
13:12 of 1st period - Shot Misses the Net.
13:14 of 1st period - Shot by Jakub Voracek.
13:14 of 1st period - Stopped by Frederik Andersen without a rebound.
13:15 of 1st period - Kyle Brodziak wins face-off versus Carl Soderberg in Flyers zone.
13:24 of 1st period - Shot by Brad Marchand.
13:24 of 1st period - Goal by Brad Marchand - Flyers : 0 - Bruins : 2.
13:25 of 1st period - Patrice Bergeron wins face-off versus Daniel Sedin in neutral zone.
14:44 of 1st period - Icing by Daniel Sedin.
14:45 of 1st period - Ryan Spooner wins face-off versus Olli Jokinen in Flyers zone.
14:48 of 1st period - Shot by Carl Hagelin.
14:48 of 1st period - Shot Blocked by Philip Larsen.
15:12 of 1st period - Shot by Marek Zidlicky.
15:12 of 1st period - Stopped by Tuukka Rask without a rebound.
15:13 of 1st period - David Krejci wins face-off versus Kyle Brodziak in Bruins zone.
15:13 of 1st period - David Krejci is hit by Kyle Brodziak.
15:35 of 1st period - Shot by Dany Heatley.
15:35 of 1st period - Stopped by Tuukka Rask without a rebound.
15:36 of 1st period - Jay McClement wins face-off versus Patrice Bergeron in Bruins zone.
16:15 of 1st period - Minor Penalty to Jay McClement for Roughing.
16:16 of 1st period - Kyle Okposo wins face-off versus David Krejci in Flyers zone.
16:40 of 1st period - Icing by John Carlson.
16:41 of 1st period - David Krejci wins face-off versus Kyle Okposo in Bruins zone.
16:41 of 1st period - David Krejci is hit by Joel Ward.
16:47 of 1st period - Joel Ward is hit by David Krejci and loses puck.
17:04 of 1st period - Shot by Jakub Voracek.
17:04 of 1st period - Shot Misses the Net.
17:06 of 1st period - Shot by Zach Parise.
17:06 of 1st period - Shot Misses the Net.
17:08 of 1st period - Shot by Torey Krug.
17:08 of 1st period - Shot Blocked by Marek Zidlicky.
17:18 of 1st period - Marek Zidlicky is hit by Andrew Ladd and loses puck.
17:27 of 1st period - Shot by Johnny Boychuk.
17:27 of 1st period - Shot Blocked by Marek Zidlicky.
17:29 of 1st period - Shot by Ryan Spooner.
17:29 of 1st period - Stopped by Frederik Andersen with a rebound.
17:31 of 1st period - Shot by Carl Soderberg.
17:31 of 1st period - Stopped by Frederik Andersen without a rebound.
17:32 of 1st period - Damien Brunner wins face-off versus Ryan Spooner in Flyers zone.
18:22 of 1st period - Off-side.
18:23 of 1st period - Kyle Brodziak wins face-off versus David Krejci in neutral zone.
19:31 of 1st period - Daniel Sedin is hit by Niklas Kronwall.
Goals for this period are 0 for Flyers vs 2 for Bruins.
Shots for this period are 7 for Flyers vs 11 for Bruins.

2nd period


0:01 of 2nd period - Patrice Bergeron wins face-off versus Jay McClement in neutral zone.
0:01 of 2nd period - Patrice Bergeron is hit by Jay McClement.
0:20 of 2nd period - Icing by Tom Gilbert.
0:21 of 2nd period - Jay McClement wins face-off versus Carl Soderberg in Flyers zone.
1:32 of 2nd period - Shot by Dan Boyle.
1:32 of 2nd period - Stopped by Tuukka Rask without a rebound.
1:33 of 2nd period - Damien Brunner wins face-off versus David Krejci in Bruins zone.
1:48 of 2nd period - Shot by Damien Brunner.
1:48 of 2nd period - Stopped by Tuukka Rask with a rebound.
1:58 of 2nd period - Shot by Nathan Gerbe.
1:58 of 2nd period - Deflect By Jack Skille.
1:58 of 2nd period - Shot Blocked by Jay Bouwmeester.
2:02 of 2nd period - Shot by Mark Stuart.
2:02 of 2nd period - Shot Misses the Net.
2:11 of 2nd period - Shot by Nathan Gerbe.
2:11 of 2nd period - Shot Misses the Net.
2:13 of 2nd period - Shot by Philip Larsen.
2:13 of 2nd period - Stopped by Tuukka Rask without a rebound.
2:14 of 2nd period - Patrice Bergeron wins face-off versus Jay McClement in Bruins zone.
2:33 of 2nd period - Shot by Patrice Bergeron.
2:33 of 2nd period - Stopped by Frederik Andersen without a rebound.
2:34 of 2nd period - Carl Soderberg wins face-off versus Olli Jokinen in Flyers zone.
2:34 of 2nd period - Carl Soderberg is hit by Dan Boyle.
2:35 of 2nd period - Minor Penalty to Dan Boyle for Roughing.
2:36 of 2nd period - Jay McClement wins face-off versus David Krejci in Flyers zone.
2:36 of 2nd period - Jay McClement is hit by David Krejci.
3:11 of 2nd period - Shot by Jakub Voracek.
3:11 of 2nd period - Shot Misses the Net.
3:13 of 2nd period - Shot by Torey Krug.
3:13 of 2nd period - Shot Blocked by Tom Gilbert.
3:15 of 2nd period - Shot by David Krejci.
3:15 of 2nd period - Shot Misses the Net.
3:17 of 2nd period - Shot by Zach Parise.
3:17 of 2nd period - Shot Misses the Net.
3:19 of 2nd period - Shot by Jakub Voracek.
3:19 of 2nd period - Shot Misses the Net.
3:21 of 2nd period - Shot by John Carlson.
3:21 of 2nd period - Shot Misses the Net.
4:14 of 2nd period - Joel Ward is hit by Johnny Boychuk and loses puck.
4:17 of 2nd period - Shot by Joel Ward.
4:17 of 2nd period - Stopped by Tuukka Rask without a rebound.
4:18 of 2nd period - Olli Jokinen wins face-off versus David Krejci in Bruins zone.
4:47 of 2nd period - Shot by Kyle Brodziak.
4:47 of 2nd period - Stopped by Tuukka Rask without a rebound.
4:48 of 2nd period - Olli Jokinen wins face-off versus Carl Soderberg in Bruins zone.
4:59 of 2nd period - Niklas Kronwall is hit by Olli Jokinen and loses puck.
6:06 of 2nd period - Shot by Jakub Voracek.
6:06 of 2nd period - Stopped by Frederik Andersen without a rebound.
6:07 of 2nd period - Patrice Bergeron wins face-off versus Joel Ward in Flyers zone.
6:18 of 2nd period - Shot by Patrice Bergeron.
6:18 of 2nd period - Stopped by Frederik Andersen without a rebound.
6:19 of 2nd period - Kyle Brodziak wins face-off versus David Krejci in Flyers zone.
6:34 of 2nd period - Shot by Gabriel Bourque.
6:34 of 2nd period - Shot Misses the Net.
6:51 of 2nd period - Kyle Brodziak is hit by Matt Bartkowski.
6:57 of 2nd period - Shot by Gabriel Bourque.
6:57 of 2nd period - Deflect By Dany Heatley.
6:57 of 2nd period - Shot Misses the Net.
7:01 of 2nd period - Shot by Gabriel Bourque.
7:01 of 2nd period - Shot Misses the Net.
7:26 of 2nd period - Mike Santorelli is hit by Matt Bartkowski and loses puck.
7:39 of 2nd period - Shot by Mark Stuart.
7:39 of 2nd period - Stopped by Tuukka Rask without a rebound.
7:40 of 2nd period - Olli Jokinen wins face-off versus Patrice Bergeron in Bruins zone.
7:40 of 2nd period - Tom Gilbert is hit by Niklas Kronwall.
7:51 of 2nd period - Daniel Sedin is hit by Niklas Kronwall and loses puck.
8:04 of 2nd period - Shot by Andrew Ladd.
8:04 of 2nd period - Deflect By Patrice Bergeron.
8:04 of 2nd period - Shot Misses the Net.
8:12 of 2nd period - Shot by Torey Krug.
8:12 of 2nd period - Shot Blocked by Daniel Sedin.
8:14 of 2nd period - Shot by Niklas Kronwall.
8:14 of 2nd period - Shot Misses the Net.
8:16 of 2nd period - Shot by Patrice Bergeron.
8:16 of 2nd period - Stopped by Frederik Andersen without a rebound.
8:17 of 2nd period - Jay McClement wins face-off versus Ryan Spooner in Flyers zone.
8:17 of 2nd period - Mike Santorelli is hit by Carl Hagelin and loses puck.
8:22 of 2nd period - Shot by Ryan Spooner.
8:22 of 2nd period - Stopped by Frederik Andersen with a rebound.
8:35 of 2nd period - Off-side.
8:36 of 2nd period - Carl Soderberg wins face-off versus Kyle Brodziak in neutral zone.
9:09 of 2nd period - Shot by Kyle Brodziak.
9:09 of 2nd period - Stopped by Tuukka Rask without a rebound.
9:10 of 2nd period - Patrice Bergeron wins face-off versus Olli Jokinen in Bruins zone.
9:10 of 2nd period - Patrice Bergeron is hit by Olli Jokinen.
9:19 of 2nd period - Minor Penalty to Andrew Ladd for Cross-checking.
9:20 of 2nd period - Patrice Bergeron wins face-off versus Kyle Okposo in Bruins zone.
9:54 of 2nd period - Shot by Tom Gilbert.
9:54 of 2nd period - Stopped by Tuukka Rask without a rebound.
9:55 of 2nd period - Patrice Bergeron wins face-off versus Jay McClement in Bruins zone.
10:29 of 2nd period - Shot by Marek Zidlicky.
10:29 of 2nd period - Stopped by Tuukka Rask without a rebound.
10:30 of 2nd period - Patrice Bergeron wins face-off versus Olli Jokinen in Bruins zone.
11:06 of 2nd period - Kyle Okposo is hit by Johnny Boychuk and loses puck.
11:09 of 2nd period - Shot by Tom Gilbert.
11:09 of 2nd period - Shot Misses the Net.
11:11 of 2nd period - Shot by Joel Ward.
11:11 of 2nd period - Stopped by Tuukka Rask without a rebound.
11:12 of 2nd period - Jay McClement wins face-off versus Carl Soderberg in Bruins zone.
11:33 of 2nd period - Shot by Nathan Gerbe.
11:33 of 2nd period - Shot Misses the Net.
12:01 of 2nd period - Zach Parise is hit by Jack Skille and loses puck.
12:46 of 2nd period - Shot by Kyle Okposo.
12:46 of 2nd period - Shot Hit the Post.
13:35 of 2nd period - Minor Penalty to Jay McClement for Charging.
13:36 of 2nd period - Damien Brunner wins face-off versus David Krejci in Flyers zone.
14:02 of 2nd period - Off-side.
14:03 of 2nd period - Ryan Spooner wins face-off versus Olli Jokinen in neutral zone.
14:12 of 2nd period - Tom Gilbert is hit by Andrew Ladd and loses puck.
14:17 of 2nd period - Shot by Andrew Ladd.
14:17 of 2nd period - Stopped by Frederik Andersen with a rebound.
14:19 of 2nd period - Shot by Johnny Boychuk.
14:19 of 2nd period - Shot Blocked by Tom Gilbert.
14:21 of 2nd period - Shot by Andrew Ladd.
14:21 of 2nd period - Shot Blocked by Tom Gilbert.
14:23 of 2nd period - Shot by Andrew Ladd.
14:23 of 2nd period - Shot Misses the Net.
14:25 of 2nd period - Shot by Jay Bouwmeester.
14:25 of 2nd period - Shot Blocked by Olli Jokinen.
14:27 of 2nd period - Shot by Johnny Boychuk.
14:27 of 2nd period - Shot Blocked by Tom Gilbert.
14:29 of 2nd period - Shot by Carl Soderberg.
14:29 of 2nd period - Stopped by Frederik Andersen without a rebound.
14:30 of 2nd period - David Krejci wins face-off versus Kyle Okposo in Flyers zone.
15:13 of 2nd period - Icing by David Krejci.
15:14 of 2nd period - David Krejci wins face-off versus Kyle Okposo in Bruins zone.
15:55 of 2nd period - Shot by Patrice Bergeron.
15:55 of 2nd period - Stopped by Frederik Andersen without a rebound.
15:56 of 2nd period - Ryan Spooner wins face-off versus Damien Brunner in Flyers zone.
15:57 of 2nd period - Shot by Carl Hagelin.
15:57 of 2nd period - Shot Misses the Net.
16:09 of 2nd period - Nathan Gerbe is hit by Carl Hagelin and loses puck.
16:23 of 2nd period - Shot by Jack Skille.
16:23 of 2nd period - Stopped by Tuukka Rask with a rebound.
16:33 of 2nd period - Shot by Nathan Gerbe.
16:33 of 2nd period - Goal by Nathan Gerbe - Flyers : 1 - Bruins : 2.
16:34 of 2nd period - Daniel Sedin wins face-off versus David Krejci in neutral zone.
16:37 of 2nd period - Shot by Ryan Ellis.
16:37 of 2nd period - Stopped by Tuukka Rask with a rebound.
16:39 of 2nd period - Shot by Ryan Ellis.
16:39 of 2nd period - Shot Misses the Net.
16:47 of 2nd period - Shot by Kyle Okposo.
16:47 of 2nd period - Shot Blocked by John Carlson.
16:51 of 2nd period - Shot by Kyle Okposo.
16:51 of 2nd period - Shot Misses the Net.
17:00 of 2nd period - Olli Jokinen is hit by Johnny Boychuk and loses puck.
17:17 of 2nd period - Shot by Daniel Sedin.
17:17 of 2nd period - Shot Misses the Net.
17:19 of 2nd period - Shot by Ryan Ellis.
17:19 of 2nd period - Stopped by Tuukka Rask without a rebound.
17:20 of 2nd period - Jay McClement wins face-off versus Patrice Bergeron in Bruins zone.
18:23 of 2nd period - Shot by Ryan Strome.
18:23 of 2nd period - Shot Misses the Net.
18:39 of 2nd period - Icing by Marek Zidlicky.
18:40 of 2nd period - Jakub Voracek wins face-off versus Mike Santorelli in Flyers zone.
18:43 of 2nd period - Shot by Jakub Voracek.
18:43 of 2nd period - Shot Misses the Net.
19:23 of 2nd period - Shot by Kyle Okposo.
19:23 of 2nd period - Stopped by Tuukka Rask with a rebound.
Goals for this period are 1 for Flyers vs 0 for Bruins.
Shots for this period are 15 for Flyers vs 8 for Bruins.

3rd period


0:01 of 3rd period - Jay McClement wins face-off versus Patrice Bergeron in neutral zone.
1:15 of 3rd period - Minor Penalty to Olli Jokinen for Hooking.
1:16 of 3rd period - Jay McClement wins face-off versus David Krejci in Flyers zone.
1:16 of 3rd period - Jay McClement is hit by Zach Parise.
1:30 of 3rd period - Shot by Jay Bouwmeester.
1:30 of 3rd period - Stopped by Frederik Andersen without a rebound.
1:31 of 3rd period - David Krejci wins face-off versus Jay McClement in Flyers zone.
2:47 of 3rd period - Shot by Andrew Ladd.
2:47 of 3rd period - Stopped by Frederik Andersen without a rebound.
2:48 of 3rd period - Jay McClement wins face-off versus Ryan Spooner in Flyers zone.
2:59 of 3rd period - Shot by Ryan Spooner.
2:59 of 3rd period - Deflect By Carl Soderberg.
2:59 of 3rd period - Shot Misses the Net.
3:01 of 3rd period - Shot by Carl Soderberg.
3:01 of 3rd period - Shot Misses the Net.
3:03 of 3rd period - Shot by John Carlson.
3:03 of 3rd period - Deflect By Andrew Ladd.
3:03 of 3rd period - Stopped by Frederik Andersen without a rebound.
3:04 of 3rd period - David Krejci wins face-off versus Jay McClement in Flyers zone.
3:11 of 3rd period - Shot by David Krejci.
3:11 of 3rd period - Stopped by Frederik Andersen without a rebound.
3:12 of 3rd period - David Krejci wins face-off versus Damien Brunner in Flyers zone.
3:21 of 3rd period - Shot by Brad Marchand.
3:21 of 3rd period - Stopped by Frederik Andersen without a rebound.
3:22 of 3rd period - David Krejci wins face-off versus Olli Jokinen in Flyers zone.
3:47 of 3rd period - Shot by Olli Jokinen.
3:47 of 3rd period - Stopped by Tuukka Rask without a rebound.
3:48 of 3rd period - Patrice Bergeron wins face-off versus Jay McClement in Bruins zone.
4:00 of 3rd period - Shot by Andrew Ladd.
4:00 of 3rd period - Stopped by Frederik Andersen without a rebound.
4:01 of 3rd period - Olli Jokinen wins face-off versus David Krejci in Flyers zone.
4:08 of 3rd period - Shot by Daniel Sedin.
4:08 of 3rd period - Shot Misses the Net.
4:10 of 3rd period - Shot by Tom Gilbert.
4:10 of 3rd period - Stopped by Tuukka Rask with a rebound.
4:14 of 3rd period - Shot by Kyle Okposo.
4:14 of 3rd period - Stopped by Tuukka Rask without a rebound.
4:15 of 3rd period - Patrice Bergeron wins face-off versus Jay McClement in Bruins zone.
4:19 of 3rd period - Icing by Niklas Kronwall.
4:20 of 3rd period - Patrice Bergeron wins face-off versus Olli Jokinen in Bruins zone.
4:20 of 3rd period - Patrice Bergeron is hit by Olli Jokinen.
4:48 of 3rd period - Shot by Reilly Smith.
4:48 of 3rd period - Stopped by Frederik Andersen with a rebound.
5:51 of 3rd period - Shot by Joel Ward.
5:51 of 3rd period - Stopped by Tuukka Rask without a rebound.
5:52 of 3rd period - Kyle Brodziak wins face-off versus Carl Soderberg in Bruins zone.
6:31 of 3rd period - Shot by Kyle Brodziak.
6:31 of 3rd period - Goal by Kyle Brodziak - Flyers : 2 - Bruins : 2.
6:32 of 3rd period - Kyle Okposo wins face-off versus David Krejci in neutral zone.
6:59 of 3rd period - Off-side.
7:00 of 3rd period - Jay McClement wins face-off versus Andrew Ladd in neutral zone.
7:20 of 3rd period - Niklas Kronwall is hit by Jay McClement.
7:21 of 3rd period - Icing by Niklas Kronwall.
7:22 of 3rd period - Patrice Bergeron wins face-off versus Olli Jokinen in Bruins zone.
7:33 of 3rd period - Shot by Andrew Ladd.
7:33 of 3rd period - Shot Blocked by Dan Boyle.
7:35 of 3rd period - Shot by Reilly Smith.
7:35 of 3rd period - Shot Blocked by Olli Jokinen.
7:37 of 3rd period - Shot by Reilly Smith.
7:37 of 3rd period - Stopped by Frederik Andersen without a rebound.
7:38 of 3rd period - David Krejci wins face-off versus Jay McClement in Flyers zone.
7:40 of 3rd period - Jakub Voracek is hit by Tom Gilbert and loses puck.
7:50 of 3rd period - Tom Gilbert is hit by Zach Parise and loses puck.
7:59 of 3rd period - Minor Penalty to Zach Parise for Slashing.
7:59 of 3rd period - Minor Penalty to Joel Ward for Hooking.
8:00 of 3rd period - Patrice Bergeron wins face-off versus Kyle Brodziak in neutral zone.
8:15 of 3rd period - Shot by Brad Marchand.
8:15 of 3rd period - Stopped by Frederik Andersen without a rebound.
8:16 of 3rd period - Patrice Bergeron wins face-off versus Kyle Brodziak in Flyers zone.
8:24 of 3rd period - Shot by Patrice Bergeron.
8:24 of 3rd period - Shot Misses the Net.
8:40 of 3rd period - Shot by Patrice Bergeron.
8:40 of 3rd period - Shot Misses the Net.
9:35 of 3rd period - Icing by Dan Boyle.
9:36 of 3rd period - Jakub Voracek wins face-off versus Olli Jokinen in Flyers zone.
9:36 of 3rd period - Jay Bouwmeester is hit by Ryan Ellis and loses puck.
10:18 of 3rd period - Icing by Mark Stuart.
10:19 of 3rd period - Damien Brunner wins face-off versus Ryan Spooner in Flyers zone.
11:06 of 3rd period - Icing by Mark Stuart.
11:07 of 3rd period - Nathan Gerbe wins face-off versus David Krejci in Flyers zone.
11:07 of 3rd period - Nathan Gerbe is hit by Zach Parise.
11:36 of 3rd period - Shot by Jakub Voracek.
11:36 of 3rd period - Shot Blocked by Philip Larsen.
11:38 of 3rd period - Shot by John Carlson.
11:38 of 3rd period - Shot Hit the Post.
12:48 of 3rd period - Icing by Philip Larsen.
12:49 of 3rd period - Damien Brunner wins face-off versus Carl Soderberg in Flyers zone.
13:31 of 3rd period - Shot by Ryan Strome.
13:31 of 3rd period - Deflect By Brad Marchand.
13:31 of 3rd period - Stopped by Frederik Andersen without a rebound.
13:32 of 3rd period - David Krejci wins face-off versus Jay McClement in Flyers zone.
13:35 of 3rd period - Shot by Jakub Voracek.
13:35 of 3rd period - Shot Misses the Net.
15:00 of 3rd period - Icing by Jay Bouwmeester.
15:01 of 3rd period - Patrice Bergeron wins face-off versus Kyle Brodziak in Bruins zone.
15:16 of 3rd period - Icing by Andrew Ladd.
15:17 of 3rd period - Patrice Bergeron wins face-off versus Olli Jokinen in Bruins zone.
15:27 of 3rd period - Shot by Patrice Bergeron.
15:27 of 3rd period - Shot Misses the Net.
15:51 of 3rd period - Shot by Zach Parise.
15:51 of 3rd period - Shot Misses the Net.
15:53 of 3rd period - Shot by Niklas Kronwall.
15:53 of 3rd period - Stopped by Frederik Andersen without a rebound.
15:54 of 3rd period - Kyle Brodziak wins face-off versus Carl Soderberg in Flyers zone.
16:22 of 3rd period - Shot by John Carlson.
16:22 of 3rd period - Stopped by Frederik Andersen without a rebound.
16:23 of 3rd period - Jay McClement wins face-off versus David Krejci in Flyers zone.
17:36 of 3rd period - Icing by Andrew Ladd.
17:37 of 3rd period - Patrice Bergeron wins face-off versus Olli Jokinen in Bruins zone.
18:07 of 3rd period - Shot by Andrew Ladd.
18:07 of 3rd period - Shot Misses the Net.
18:30 of 3rd period - Icing by Marek Zidlicky.
18:31 of 3rd period - Olli Jokinen wins face-off versus Carl Soderberg in Flyers zone.
18:50 of 3rd period - Shot by Brad Marchand.
18:50 of 3rd period - Shot Misses the Net.
19:00 of 3rd period - Shot by Carl Soderberg.
19:00 of 3rd period - Stopped by Frederik Andersen with a rebound.
19:30 of 3rd period - Shot by Gabriel Bourque.
19:30 of 3rd period - Shot Blocked by David Krejci.
19:32 of 3rd period - Shot by Philip Larsen.
19:32 of 3rd period - Stopped by Tuukka Rask with a rebound.
Goals for this period are 1 for Flyers vs 0 for Bruins.
Shots for this period are 6 for Flyers vs 13 for Bruins.

Overtime #1


0:01 of 1st overtime period - Kyle Brodziak wins face-off versus Zach Parise in neutral zone.
0:28 of 1st overtime period - Shot by Zach Parise.
0:28 of 1st overtime period - Stopped by Frederik Andersen without a rebound.
0:29 of 1st overtime period - Kyle Brodziak wins face-off versus Zach Parise in Flyers zone.
2:22 of 1st overtime period - Jay Bouwmeester is hit by Kyle Brodziak and loses puck.
2:26 of 1st overtime period - Icing by Jay Bouwmeester.
2:27 of 1st overtime period - Carl Soderberg wins face-off versus Damien Brunner in Bruins zone.
2:34 of 1st overtime period - Shot by Jay Bouwmeester.
2:34 of 1st overtime period - Stopped by Frederik Andersen without a rebound.
2:35 of 1st overtime period - Kyle Brodziak wins face-off versus Patrice Bergeron in Flyers zone.
2:35 of 1st overtime period - Kyle Brodziak is hit by Patrice Bergeron.
2:48 of 1st overtime period - Shot by Kyle Okposo.
2:48 of 1st overtime period - Deflect By Kyle Brodziak.
2:48 of 1st overtime period - Shot Blocked by Jakub Voracek.
4:33 of 1st overtime period - Icing by Johnny Boychuk.
4:34 of 1st overtime period - Carl Soderberg wins face-off versus Damien Brunner in Bruins zone.
4:38 of 1st overtime period - Off-side.
4:39 of 1st overtime period - Ryan Strome wins face-off versus Mike Santorelli in neutral zone.
4:50 of 1st overtime period - Shot by Ryan Strome.
4:50 of 1st overtime period - Stopped by Frederik Andersen with a rebound.
4:52 of 1st overtime period - Shot by Ryan Strome.
4:52 of 1st overtime period - Deflect By Carl Soderberg.
4:52 of 1st overtime period - Shot Misses the Net.
4:54 of 1st overtime period - Shot by Carl Soderberg.
4:54 of 1st overtime period - Stopped by Frederik Andersen without a rebound.
4:55 of 1st overtime period - Kyle Brodziak wins face-off versus Zach Parise in Flyers zone.
4:59 of 1st overtime period - Icing by Kyle Okposo.
Goals for this period are 0 for Flyers vs 0 for Bruins.
Shots for this period are 0 for Flyers vs 4 for Bruins.

ShootOut


5:00 of 1st overtime period - Penalty Shot by Kyle Okposo for Flyers.
5:00 of 1st overtime period - Stopped by Tuukka Rask.
5:00 of 1st overtime period - Penalty Shot by Andrew Ladd for Bruins.
5:00 of 1st overtime period - Stopped by Frederik Andersen.
5:00 of 1st overtime period - Penalty Shot by Mike Santorelli for Flyers.
5:00 of 1st overtime period - Goal by Mike Santorelli.
5:00 of 1st overtime period - Penalty Shot by Zach Parise for Bruins.
5:00 of 1st overtime period - Goal by Zach Parise.
5:00 of 1st overtime period - Penalty Shot by Nathan Gerbe for Flyers.
5:00 of 1st overtime period - Stopped by Tuukka Rask.
5:00 of 1st overtime period - Penalty Shot by Patrice Bergeron for Bruins.
5:00 of 1st overtime period - Goal by Patrice Bergeron.


Output by the SimonT Hockey Simulator (STHS) for Stephane Roy -- Original Page W3C XHTML 1.0 Valid
Hockey Simulator - Hockey Simulation - Hockey Manager